Map: Terraços Prion

Players

Zergherd

  • Race: Zerg Zerg
  • League: Gold

Naga - Winner!

  • Race: Protoss Protoss
  • League: Gold

VOD

Have the link to the VOD?

Description

Time

  • Played on: March 10, 2016, 3:21 p.m.
  • Length: 9:36
Show
View Real Time Build Order
Export as new Build Order

Zergherd Zerg 

Build Orders: Pool First 

Get SALT Encoding   

  12  0:01  Drone  
  13  0:13  Overlord  
  13  0:21  Drone  
  14  0:32  Drone  
  14  0:33  Drone  
  16  0:36  Drone  
  17  0:50  Drone, Spawning Pool  
  17  0:54  Extractor  
  17  0:56  Drone  
  17  1:21  Hatchery  
  16  1:38  Queen  
  18  1:42  Zergling x6  
  20  2:12  Drone x2  
  22  2:22  Overlord  
  22  2:30  Metabolic Boost  
  22  2:33  Queen  
  24  2:39  Overlord  
  23  2:48  Zergling x6  
  26  2:52  Drone  
  26  2:53  Drone x2  
  29  3:02  Queen  
  29  3:04  Drone x2  
  33  3:10  Drone  
  34  3:17  Zergling x4  
  32  3:46  Queen  
  34  3:51  Queen  
  34  3:53  Drone x6  
  41  3:59  Overlord  
  39  4:22  Spore Crawler  
  38  4:26  Spore Crawler  
  37  4:32  Drone x3  
  37  4:35  Drone x4  
  44  4:52  Drone x2  
  46  4:53  Drone x3  
  46  4:56  Drone x2  
  46  4:57  Extractor  
  50  5:02  Lair  
  50  5:03  Hatchery  
  50  5:04  Queen  
  47  5:25  Hatchery  
  41  5:39  Queen  
  41  5:42  Spore Crawler  
  42  5:44  Spore Crawler  
  41  5:55  Drone x8  
  49  6:01  Extractor, Drone x2  
  50  6:14  Roach Warren  
  50  6:16  Evolution Chamber  
  48  6:25  Hydralisk Den  
  47  6:27  Drone x4  
  47  6:28  Drone  
  47  6:31  Drone x2  
  54  6:35  Drone x2  
  54  6:36  Extractor  
  55  6:41  Queen  
  57  6:53  Zerg Missile Weapons Level 1  
  57  6:54  Glial Reconstitution  
  57  6:58  Drone  
  57  7:00  Drone  
  59  7:03  Drone x5  
  59  7:06  Extractor  
  63  7:10  Spore Crawler x2  
  63  7:14  Muscular Augments  
  61  7:16  Drone  
  61  7:18  Drone  
  63  7:36  Overlord x5  
  63  7:51  Hydralisk  
  58  8:02  Hydralisk x6  
  58  8:03  Hydralisk  
  64  8:12  Queen x2  
  66  8:21  Roach x2  
  66  8:22  Roach  
  72  8:33  Roach x4  
  76  8:41  Roach  
  76  8:42  Roach x2  
  76  8:47  Overlord  
  70  8:51  Zergling x10  
  49  9:04  Hydralisk x2  
  49  9:05  Hydralisk  
Show
View Real Time Build Order
Export as new Build Order

Naga Protoss - Winner!

Build Orders: Oracle Opening 

Get SALT Encoding   

  12  0:02  Probe (Chrono Boost)  
  13  0:13  Probe (Chrono Boost)  
  14  0:19  Pylon  
  14  0:23  Probe (Chrono Boost)  
  15  0:38  Probe (Chrono Boost)  
  15  0:41  Gateway  
  16  0:48  Probe (Chrono Boost)  
  17  0:52  Assimilator  
  17  0:55  Assimilator  
  17  0:59  Probe (Chrono Boost)  
  18  1:09  Gateway  
  18  1:12  Probe (Chrono Boost)  
  19  1:22  Probe (Chrono Boost)  
  20  1:31  Cybernetics Core  
  20  1:34  Pylon  
  19  2:00  Probe (Chrono Boost)  
  22  2:08  Adept (Chrono Boost)  
  24  2:12  Adept (Chrono Boost)  
  24  2:20  Stargate  
  24  2:24  Pylon  
  24  2:28  Probe  
  25  2:34  Warp Gate  
  25  2:39  Adept (Chrono Boost)  
  25  2:40  Probe  
  30  2:58  Adept (Chrono Boost)  
  30  3:07  Oracle (Chrono Boost)  
  30  3:12  Pylon  
  29  4:06  Oracle (Chrono Boost)  
  29  4:07  Adept x2  
  31  4:18  Nexus  
  31  4:24  Pylon  
  31  4:27  Probe  
  32  4:31  Robotics Facility  
  34  4:44  Pylon  
  32  4:52  Stalker x2  
  36  4:57  Gateway  
  36  5:00  Gateway  
  36  5:03  Mothership Core  
  38  5:24  Probe  
  36  5:51  Probe, Oracle (Chrono Boost)  
  36  5:52  Probe  
  36  5:56  Stalker x2  
  45  6:00  Immortal  
  45  6:02  Probe  
  50  6:05  Probe  
  51  6:12  Probe  
  51  6:14  Stalker  
  51  6:17  Probe  
  55  6:23  Probe (Chrono Boost)  
  56  6:26  Assimilator  
  56  6:29  Probe (Chrono Boost)  
  57  6:35  Probe (Chrono Boost)  
  58  6:40  Twilight Council  
  58  6:50  Zealot x3  
  58  6:51  Zealot  
  66  7:08  Pylon  
  66  7:11  Zealot x4  
  74  7:23  Nexus  
  74  7:30  Charge (Chrono Boost)  
  69  7:59  Pylon  
  69  8:02  Zealot x3  
  69  8:03  Zealot  
  75  8:22  Immortal (Chrono Boost)  
  79  8:35  Zealot x4  
  77  8:50  Probe  
  78  9:00  Probe  
  78  9:01  Stalker x2  
  75  9:11  Probe, Gateway  
  75  9:14  Gateway  
  75  9:15  Gateway  
  75  9:16  Pylon  
  74  9:22  Probe  
  75  9:27  Zealot x4  
Tags
 
Add a new tag
Caveats
  • Supply blocks, unpowered buildings, or Contaminate may cause inaccurate times.
  • Supply counts are checked every 10 seconds.